 Dungeon Crawl Stone Soup version 0.32-a0-450-g080537f31e (webtiles) character file.

Game seed: 13809312041676849900

65 ezpacito the Trooper (level 3, -12/28 (29) HPs)
             Began as a Demonspawn Chaos Knight on Feb 23, 2024.
             Was a Plaything of Xom.
             Mangled by Crazy Yiuf
             ... wielding a +3 quarterstaff of chaos
              (14 damage)
             ... on level 2 of the Dungeon.
             The game lasted 00:01:41 (1201 turns).

ezpacito the Trooper (Demonspawn Chaos Knight)      Turns: 1201, Time: 00:01:41

HP:   -12/28 (29)   AC:  5    Str: 14    XL:     3   Next: 92%
MP:   0/4           EV: 11    Int: 12    God:    Xom [..*...]
Gold: 127           SH:  0    Dex: 12    Spells: 4/4 levels left

rFire   . . .        a - +0 hand axe (chaos)
rCold   . . .        (no shield)
rNeg    . . .        b - +2 leather armour
rPois   +            (no helmet)
rElec   .            (no cloak)
rCorr   .            (no gloves)
SInv    .            (no boots)
Will    .....        (no amulet)
Stlth   +            m - ring of poison resistance
HPRegen 0.24/turn    (no ring)
MPRegen 0.09/turn

%: no passive effects
@: confused, hasted, lightly drained, invisible, very quick
A: weakness stinger 1
a: Renounce Religion


You were on level 2 of the Dungeon.
You worshipped Xom.
You were a toy of Xom.
You visited 1 branch of the dungeon, and saw 2 of its levels.

You collected 127 gold pieces.

Inventory:

Hand Weapons
 a - a +0 hand axe of chaos (weapon)
Missiles
 o - 4 poisoned darts (quivered)
Armour
 b - a +2 leather armour (worn)
 d - a +0 scale mail
 l - a +0 chain mail
Jewellery
 m - a ring of poison resistance (left hand)
Scrolls
 c - a scroll of butterflies
 f - a scroll of identify {unknown}
 g - a scroll of poison {unknown}
 i - a scroll of enchant weapon {unknown}
 j - a scroll of teleportation {unknown}
Potions
 k - a potion of magic {unknown}
 n - a potion of might {unknown}


   Skills:
 * Level 3.2 Fighting
 * Level 2.9 Axes
 * Level 2.2 Armour
 * Level 1.6 Dodging
 + Level 0.4 Stealth
 * Level 1.1 Unarmed Combat
 * Level 1.1 Spellcasting


You had 4 spell levels left.
You didn't know any spells.
Your spell library was empty.

Dungeon Overview and Level Annotations

Branches:
Dungeon (2/15)

Altars:

Annotations:
D:2 Crazy Yiuf


Innate Abilities, Weirdness & Mutations

You have a small tail.


Message History

The rat barely misses you.
You hit the rat. You burn the rat.
You kill the rat!
No target in view!
No target in view!
No target in view!
No target in view!
No target in view!
There is a stone staircase leading up here.
Found a runed translucent door. "Go forth and redecorate, my child!"
Crazy Yiuf shouts!
Crazy Yiuf laughs, "Iron!"
No reachable target in view!
You open the door.
Crazy Yiuf cries, "Gum!
Snurf Xom toodlewoodle."
You barely miss Crazy Yiuf. Xom smiles on you.
You fade into invisibility!
Crazy Yiuf shuffles his notes under his cloak.
Crazy Yiuf hits you with a +3 quarterstaff of chaos!
You feel your power leaking away.
Crazy Yiuf shuffles his notes under his cloak.
Crazy Yiuf hits you with a +3 quarterstaff of chaos!
It was a potion of curing.
You feel better.
Xom roars with laughter!
Crazy Yiuf glowers.
Crazy Yiuf hits you with a +3 quarterstaff of chaos.
You are confused.
You bump into the tree.
Crazy Yiuf closely misses you.
You bump into the stone wall.
Crazy Yiuf hits you with a +3 quarterstaff of chaos!
* * * LOW HITPOINT WARNING * * *
You feel drained.
* * * LOW HITPOINT WARNING * * *
It was a potion of haste.
You feel yourself speed up.
Crazy Yiuf hits you with a +3 quarterstaff of chaos!
Ouch! That really hurt!
You die...
Xom roars with laughter!

#.#.......#
##...###.#
#.#......##
#.....##.####
#.#..^...#
##...###.....
#.######## #####
####.. #.<# #)#
#.###♣♣♣♣♣ #.#
#.#.#..♣.♣♣♣ ###
#.#
#.......♣.○♣#...#
#.#
#......♣♣♣♣@g...#
#.# #...#.♣♣
♣♣#..)# #..
#.###♣♣ ### ###..
.... +.... #####
###.. ### #.# #.#
#.# ##.# #..
##..# #+# ###


You could see Crazy Yiuf (unable to see you).

Vanquished Creatures
  Jessica (D:2)
  An adder (D:2)
  A dart slug (D:1)
  2 bats
  3 endoplasms (D:1)
  A giant cockroach (D:1)
  6 goblins
  2 hobgoblins
  3 jackals (D:2)
  2 ball pythons
  A frilled lizard (D:1)
  A kobold (D:1)
  2 rats (D:2)
26 creatures vanquished.

Notes
Turn   | Place    | Note
-------+----------+-------------------------------------------
     0 | D:1      | ezpacito the Demonspawn Chaos Knight began the quest for
                  | the Orb.
     0 | D:1      | Reached XP level 1. HP: 18/18 MP: 1/1
   183 | D:1      | Reached skill level 1 in Dodging
   268 | D:1      | Gained mutation: You have a small tail. [demonic ancestry]
   268 | D:1      | Reached XP level 2. HP: 24/24 MP: 2/2
   935 | D:2      | Reached XP level 3. HP: 29/29 MP: 4/4
  1041 | D:2      | Reached skill level 1 in Unarmed Combat
  1045 | D:2      | Noticed Jessica
  1053 | D:2      | Killed Jessica
  1054 | D:2      | Reached skill level 1 in Spellcasting
  1168 | D:2      | XOM: silly message
  1192 | D:2      | Found a runed translucent door.
  1192 | D:2      | XOM: cloud trail
  1193 | D:2      | Noticed Crazy Yiuf
  1197 | D:2      | XOM: potion effect (invisibility)
  1201 | D:2      | Mangled by Crazy Yiuf

Illustrated notes

Levels and vault maps discovered:
D:1:      grunt_arrival_lava_bath, layout_basic, serial_aquarium,
          aquarium_bridge_long_separate [aquarium_subvault_wall,
          aquarium_subvault_bridge, aquarium_subvault_bridge,
          aquarium_subvault_bridge, aquarium_subvault_bridge,
          aquarium_subvault_wall], aquarium_bridge_square
          [aquarium_subvault_wall, aquarium_subvault_bridge,
          aquarium_subvault_bridge, aquarium_subvault_window],
          aquarium_window_fake, aquarium_window_fake, aquarium_window_1,
          aquarium_view_2g, aquarium_pool_corner
D:2:      layout_loops_corners, eino_tiny_chamber, uniq_jessica,
          uniq_crazy_yiuf_cottage

Skill      XL: |  1  2  3 |
---------------+----------+-----
Dodging        | 1 |  1.6
Armour         | 2 |  2.2
Unarmed Combat | 1 |  1.1
Spellcasting   | 1 |  1.1
Fighting       | |  3.2
Axes           | |  2.9
Stealth        | |  0.4

Action                     || total
---------------------------++-------
  Melee: Hand axe          ||    56
         Tailslap          ||     5
    Use: Potion            ||     2
 Armour: Leather armour    ||    30
  Dodge: Dodged            ||    31

Table legend: (Time is in decaauts)
 A = Elapsed time spent in this place.
 B = Non-inter-level travel time spent in this place.
 C = Inter-level travel time spent in this place.
 D = Time resting spent in this place.
 E = Time spent auto-exploring this place.
 F = Levels seen in this place.
 G = Mean time per level.
                   A        B        C        D        E       F      G
               +--------+--------+--------+--------+--------+-----+--------+
         Total |   1209 |   1048 |    161 |    136 |    736 |   2 |  604.5 |
       Dungeon |   1209 |   1048 |    161 |    136 |    736 |   2 |  604.5 |
               +--------+--------+--------+--------+--------+-----+--------+

Top non-repeatable levels by time:
     D:1: 871 daAuts
     D:2: 337 daAuts
